 Dungeon Crawl Stone Soup version 0.25-a0-353-ged6d547 (webtiles) character file.

Game seed: 3067169153345020927, levelgen mode: deterministic

2658 Birdy the Sneak (level 9, -2/47 HPs)
             Began as a Vine Stalker Gladiator on Jan 2, 2020.
             Was a Follower of Wu Jian.
             Shot with a bolt by an orc warrior (16 damage)
             ... in a bailey.
             The game lasted 00:13:24 (5224 turns).

Birdy the Sneak (Vine Stalker Gladiator)            Turns: 5224, Time: 00:13:24

Health: -2/47      AC: 18    Str: 18    XL:     9   Next: 62%
Magic:  0/11       EV: 10    Int:  8    God:    Wu Jian [*.....]
Gold:   196        SH:  0    Dex: 18    Spells: 9/9 levels left

rFire    . . .     SeeInvis .   b - +2 falchion (elec)
rCold    . . .     Gourm    +   (no shield)
rNeg     . . .     Faith    .   u - +5 chain mail of the Clam {Slay+2}
rPois    .         Spirit   +   c - +0 helmet
rElec    .         Reflect  .   j - +1 cloak
rCorr    .         Harm     .   (no gloves)
MR       +....     Clarity  +   (no boots)
Stlth    +.........             z - amulet of the gourmand
HPRegen  0.55/turn              (no ring)
MPRegen  0.12/turn              (no ring)

@: no status effects
A: fangs 3, clarity, deterioration 1, regeneration 1, magic shield, antimagic
bite, no potion heal 3, rot immunity
a: Renounce Religion


You were in a bailey.
You worshipped Wu Jian.
Wu Jian was aware of your devotion.
You were not hungry.

You visited 2 branches of the dungeon, and saw 8 of its levels.
You also visited: Bailey.

You collected 196 gold pieces.

Inventory:

Hand Weapons
 a - a +0 quarterstaff
 b - a +2 falchion of electrocution (weapon)
 w - a +2 scimitar of slicing
Missiles
 d - 4 throwing nets (quivered)
Armour
 c - a +0 helmet (worn)
 h - a +2 leather armour of positive energy
 j - a +1 cloak (worn)
 u - the +5 chain mail of the Clam (worn) {Slay+2}
   (You found it on level 6 of the Dungeon)

   It affects your accuracy and damage with ranged weapons and melee attacks
   (+2).
Magical Staves
 A - an uncursed staff of power {unknown}
Jewellery
 z - an amulet of the gourmand (around neck)
Wands
 o - a wand of flame (31)
 v - a wand of digging (5)
 y - a wand of paralysis (8)
 D - a wand of disintegration (17)
Scrolls
 e - 3 scrolls of remove curse
 l - 2 scrolls of enchant armour
 m - 2 scrolls of amnesia
 r - 2 scrolls of fear
 s - 2 scrolls of teleportation
 t - a scroll of immolation {unknown}
 x - a scroll of enchant weapon {unknown}
Potions
 g - a potion of curing
 i - a potion of berserk rage
 k - a potion of brilliance
 n - a potion of cancellation
 p - a potion of mutation
 B - a potion of resistance
Comestibles
 f - 7 rations


   Skills:
 + Level 5.4 Fighting
 + Level 4.3 Long Blades
 - Level 3.5 Staves
 - Level 1.7 Throwing
 + Level 4.6 Armour
 + Level 5.3 Dodging
 + Level 7.3 Stealth
 + Level 0.9 Spellcasting


You had 9 spell levels left.
You didn't know any spells.
Your spell library contained the following spells:

 Spells                   Type           Power        Failure   Level  Hunger
 Corpse Rot               Necr/Air       N/A          100%        2    ###....
 Sublimation of Blood     Necr           #.........   100%        2    ###....
 Bolt of Magma            Conj/Fire/Erth #.........   100%        5    ######.
 Dispel Undead            Necr           #.......     100%        5    ######.
 Simulacrum               Ice/Necr       #.........   100%        6    #######


Dungeon Overview and Level Annotations

Branches:
Dungeon (7/15)             Temple (1/1) D:5          Bailey (1/1)

Altars:
Ashenzari
Dithmenos
Elyvilon
Fedhas
Hepliaklqana
Kikubaaqudgha
Nemelex Xobeh
Qazlal
Ru
Trog
Vehumet
Wu Jian
Xom

Shops:
D:5 *

Annotations:
D:4 3 runed translucent doors, Pooter's ghost, amateur GrFi; frimble's ghost, amateur MiGl


Innate Abilities, Weirdness & Mutations

You have razor-sharp teeth.
Your natural rate of healing is unusually fast.
When hurt, damage is shared between your health and your magic reserves.
Your bite disrupts and absorbs the magic of your enemies.
Potions cannot restore your health.
You are immune to rotting.
You possess an exceptional clarity of mind.
Your body sometimes deteriorates upon taking damage.


Message History

You see here a bolt.
The orc warrior disappears!
The orc warrior shoots a bolt.
The bolt hits you!
You see here a bolt.
The orc warrior shoots a bolt.
The bolt closely misses you. Why would you want to do that?
Okay, then.
The orc warrior shoots a bolt.
The bolt misses you.
The orc warrior shoots a bolt.
The bolt hits you!
* * * LOW HITPOINT WARNING * * *
You see here a bolt.
The orc warrior shoots a bolt.
The bolt barely misses you.
You enter the shallow water.
Moving in this stuff is going to be slow.
The orc warrior shoots a bolt.
The bolt hits you.
* * * LOW HITPOINT WARNING * * *
You hear a splash.
You see here a bolt.
The orc warrior shoots a bolt.
The bolt hits you!!
You die...

#......≈≈≈≈≈≈
#......≈≈≈≈≈
#......≈≈≈o
#......≈≈≈≈≈≈≈≈≈≈###
#......≈≈#.#≈≈≈≈≈≈≈≈
#......≈##.∩#≈≈≈≈≈≈≈
#......≈..^..≈≈≈≈≈≈≈
#.....@≈##o##≈≈≈≈≈≈≈
#......≈≈#o#≈≈≈≈≈≈≈≈
#......(≈≈≈≈≈≈≈≈≈≈≈≈
#........(..........
#..........(........
#.........(.........
#..((.....(.........
#.∩......(..........
#∩.(..((..(.........


You could see an orc warrior.

Vanquished Creatures
  Harold (D:7)
  Sigmund (D:2)
  Menkaure (D:7)
  An ice beast (D:5)
  A sky beast (D:5)
  A phantom (D:6)
  3 ogres
  2 centaurs
  3 bullfrogs (D:6)
  2 crimson imps
  4 hounds
  3 orc priests
  A jelly (D:5)
  2 orc wizards (D:6)
  4 iguanas
  Natasha (thrice) (D:2)
  2 worker ants
  8 gnolls
  A howler monkey skeleton (D:5)
  Robin (D:2)
  2 adders
  A shadow imp (D:6)
  2 adder skeletons
  An adder zombie (D:6)
  3 worms
  A dart slug (D:2)
  2 leopard geckos
  20 orcs
  A ball python (D:1)
  6 giant cockroaches
  8 hobgoblins
  10 jackals
  8 kobolds
  9 quokkas
  10 bats
  7 frilled lizards
  13 goblins
  A jackal skeleton (D:4)
  8 rats
158 creatures vanquished.

Notes
Turn   | Place    | Note
-------+----------+-------------------------------------------
     0 | D:1      | Birdy the Vine Stalker Gladiator began the quest for the
                  | Orb.
     0 | D:1      | Reached XP level 1. HP: 11/11 MP: 2/2
    91 | D:1      | Reached XP level 2. HP: 12/15 MP: 3/3
   110 | D:1      | Reached skill level 1 in Stealth
   435 | D:1      | Reached XP level 3. HP: 4/18 MP: 1/4
   822 | D:1      | Reached skill level 1 in Armour
  1069 | D:2      | Gained mutation: Your body sometimes deteriorates upon
                  | taking damage. [potion of mutation]
  1069 | D:2      | Gained mutation: You possess an exceptional clarity of
                  | mind. [potion of mutation]
  1079 | D:2      | Noticed Robin
  1091 | D:2      | Found a white marble altar of Elyvilon.
  1462 | D:2      | Gained mutation: Your natural rate of healing is unusually
                  | fast. [Vine Stalker growth]
  1462 | D:2      | Reached XP level 4. HP: 16/23 MP: 3/5
  1491 | D:2      | Killed Robin
  1491 | D:2      | Reached skill level 2 in Stealth
  1565 | D:2      | Noticed Natasha
  1630 | D:2      | Killed Natasha
  1630 | D:2      | Reached XP level 5. HP: 2/27 MP: 1/6
  1930 | D:2      | Noticed Natasha
  1936 | D:2      | Killed Natasha
  2005 | D:2      | Found a shadowy altar of Dithmenos.
  2005 | D:2      | Noticed Sigmund
  2007 | D:2      | Noticed Natasha
  2060 | D:3      | Found a sparkling altar of Nemelex Xobeh.
  2119 | D:3      | Reached skill level 3 in Stealth
  2319 | D:3      | Reached XP level 6. HP: 31/32 MP: 7/7
  2353 | D:3      | Found a hazy altar of Hepliaklqana.
  2374 | D:3      | Found a radiant altar of Vehumet.
  2677 | D:4      | Reached skill level 1 in Long Blades
  2699 | D:4      | Found a runed translucent gate.
  2699 | D:4      | Found a runed translucent gate.
  2699 | D:4      | Found a runed translucent gate.
  2704 | D:4      | Noticed frimble's ghost (amateur MiGl)
  2704 | D:4      | Noticed Pooter's ghost (amateur GrFi)
  2730 | D:4      | Found a blossoming altar of Fedhas.
  2865 | D:4      | Reached XP level 7. HP: 32/36 MP: 8/8
  3013 | D:4      | Reached skill level 4 in Stealth
  3163 | D:4      | Found a shattered altar of Ashenzari.
  3389 | D:5      | Entered Level 5 of the Dungeon
  3455 | D:5      | Found Diheil's Assorted Antiques.
  3636 | D:5      | Gained mutation: You have razor-sharp teeth. [Vine Stalker
                  | growth]
  3636 | D:5      | Reached XP level 8. HP: 42/42 MP: 9/9
  3672 | D:5      | Found a staircase to the Ecumenical Temple.
  3683 | Temple   | Entered the Ecumenical Temple
  3787 | Temple   | Became a worshipper of the Wu Jian Council
  3913 | D:2      | Killed Sigmund
  3913 | D:2      | Reached skill level 5 in Stealth
  4041 | D:2      | Killed Natasha
  4528 | D:6      | Got an encrusted chain mail
  4539 | D:6      | Identified the +5 chain mail of the Clam {Slay+2} (You
                  | found it on level 6 of the Dungeon)
  4630 | D:6      | Reached skill level 6 in Stealth
  4680 | D:6      | Reached * piety under Wu Jian
  4751 | D:6      | Reached XP level 9. HP: 34/46 MP: 7/10
  4896 | D:7      | Noticed Harold
  4915 | D:7      | Killed Harold
  4915 | D:7      | Reached skill level 5 in Fighting
  4915 | D:7      | Reached skill level 5 in Dodging
  4915 | D:7      | Reached skill level 7 in Stealth
  5051 | D:7      | Noticed Menkaure
  5062 | D:7      | Killed Menkaure
  5124 | D:7      | Found a flagged portal.
  5179 | D:7      | Identified the Grimoire of the Blaze and Darkness
  5201 | Bailey   | Entered a bailey
  5224 | Bailey   | Shot with a bolt by an orc warrior

Levels and vault maps discovered:
D:1:      lordsloth_arrival_two_stooges, layout_loops_ring
D:2:      layout_rooms, old_standard_altar, lemuel_round_altar, uniq_natasha,
          uniq_robin, uniq_sigmund
D:3:      layout_rooms, nemelex_xobeh_ov_fountains_minmay, lemuel_doored_altar,
          vehumet_crystals, first_ration, kennysheep_path_1
D:4:      layout_cave_pods, fedhas_ov_isle_minmay, lemuel_crystal_altar,
          gammafunk_ghost_cemetery
D:5:      layout_cave_pods, minmay_temple_entry_large_hall, serial_shops, shop
D:6:      layout_rooms
D:7:      layout_basic, enter_bailey_8, the_bakery, uniq_harold, uniq_menkaure,
          uniq_crazy_yiuf_cottage
Temple:   dpeg_chambers_temple
Bailey:   bailey_polearm_2, bailey

Skill      XL: |  1  2  3  4  5  6  7  8  9 |
---------------+----------------------------+-----
Fighting       | 2 3 4 5 |  5.4
Stealth        | 1 2 3 4 6 7 |  7.3
Staves         | 3 |  3.5
Armour         | 1 2 3 4 |  4.6
Dodging        | 3 4 5 |  5.3
Long Blades    | 1 2 3 4 |  4.3
Throwing       | |  1.7
Spellcasting   | |  0.9

Action                   |  1- 3 |  4- 6 |  7- 9 || total
-------------------------+-------+-------+-------++-------
Melee: Quarterstaff      |   106 |    99 |       ||   205
       Bite              |    20 |    47 |    55 ||   122
       Falchion          |       |    39 |   135 ||   174
Invok: Lunge             |       |       |     8 ||     8
Evoke: Wand              |       |       |     1 ||     1
  Use: Scroll            |     4 |     2 |     6 ||    12
       Potion            |     3 |     1 |     2 ||     6
 Stab: Sleeping          |       |     5 |     5 ||    10
       Distracted        |       |     1 |       ||     1
  Eat: Chunk             |     2 |     4 |    10 ||    16
Armor: Leather armour    |    32 |    39 |    25 ||    96
       Chain mail        |       |       |    16 ||    16
Dodge: Dodged            |   102 |   110 |    98 ||   310
       Rpst.: Falchion   |       |    17 |    33 ||    50

Table legend:
 A = Non-vault XP
 B = Vault XP
 C = Vault XP percentage of total XP
 D = Non-vault monster count
 E = Vault monster count
 F = Vault count percentage of total count
                 A         B        C        D         E       F
            +---------+---------+-------+---------+---------+-------
      Total |    2383 |    1415 |  37.3 |     144 |      14 |   8.9
            +---------+---------+-------+---------+---------+-------
        D:1 |      64 |       0 |   0.0 |      30 |       0 |   0.0
        D:2 |     153 |     276 |  64.3 |      19 |      12 |  38.7
        D:3 |      94 |       0 |   0.0 |      25 |       0 |   0.0
        D:4 |     352 |       0 |   0.0 |      24 |       0 |   0.0
        D:5 |     650 |       0 |   0.0 |      18 |       0 |   0.0
        D:6 |     874 |       0 |   0.0 |      23 |       0 |   0.0
        D:7 |     196 |    1139 |  85.3 |       5 |       2 |  28.6
            +---------+---------+-------+---------+---------+-------
